Map: Ruins of Endion

Players

IlIlIlIlIlIl

  • Race: Terran Terran
  • League: Master

Miszu - Winner!

  • Race: Terran Terran
  • League: Master

VOD

Have the link to the VOD?

Description

Time

  • Played on: April 20, 2016, 3:34 p.m.
  • Length: 8:05
Show
View Real Time Build Order
Export as new Build Order

IlIlIlIlIlIl Terran 

Build Orders: 1/1/1 

Get SALT Encoding   

  12  0:02  SCV  
  13  0:14  SCV  
  13  0:19  Supply Depot  
  14  0:26  SCV  
  15  0:30  Refinery  
  15  0:40  SCV  
  16  0:50  Barracks  
  16  0:52  SCV  
  17  1:04  SCV  
  18  1:18  SCV  
  19  1:37  Orbital Command  
  19  1:38  Marine  
  19  1:39  Factory  
  20  1:44  Supply Depot  
  20  1:56  Marine  
  20  1:57  Refinery  
  21  2:03  SCV  
  22  2:12  Supply Depot  
  22  2:13  Marine  
  22  2:15  SCV  
  24  2:25  Starport  
  24  2:27  SCV, Factory Tech Lab  
  25  2:33  Marine  
  26  2:39  SCV  
  27  2:51  Marine, SCV  
  29  3:06  SCV  
  29  3:09  Marine  
  29  3:12  Raven  
  33  3:15  Command Center  
  33  3:17  Widow Mine  
  35  3:23  Supply Depot  
  35  3:26  SCV  
  36  3:29  Marine  
  37  3:38  SCV  
  39  4:02  SCV  
  39  4:08  Viking, Factory Tech Lab  
  41  4:13  Marine  
  41  4:14  SCV  
  41  4:15  Barracks  
  43  4:17  Barracks  
  43  4:23  Supply Depot  
  43  4:25  Engineering Bay  
  43  4:26  SCV  
  44  4:35  Orbital Command  
  44  4:39  SCV  
  44  4:44  Starport Reactor  
  45  4:50  Siege Tank  
  45  4:51  Orbital Command  
  48  4:56  Terran Infantry Weapons Level 1  
  48  5:03  SCV  
  48  5:05  Barracks Reactor x2  
  49  5:13  Marine  
  47  5:22  Siege Tank  
  50  5:35  Medivac  
  53  5:41  SCV  
  53  5:42  Marine  
  54  5:43  Refinery x2  
  54  5:44  Marine  
  54  5:49  Marine  
  55  5:53  SCV  
  56  6:00  Marine  
  56  6:05  Medivac, SCV  
  59  6:13  Supply Depot  
  59  6:14  Orbital Command  
  53  6:25  SCV  
  38  6:29  Barracks Tech Lab  
  38  6:37  SCV  
  39  6:42  SCV  
  39  6:46  Marine  
  39  6:49  SCV  
  39  6:53  Marine x3  
  43  6:54  SCV  
  43  7:01  SCV  
  45  7:04  Marine  
  45  7:06  SCV  
  47  7:10  Marine, Siege Tank  
  47  7:11  Marine  
  47  7:13  SCV  
  53  7:18  SCV  
  50  7:23  Marine  
  50  7:25  SCV  
  53  7:30  SCV  
  53  7:36  Marine  
  51  7:37  SCV  
  51  7:38  Marine  
  51  7:43  SCV  
  51  7:44  Marine x2  
  53  7:49  SCV  
Show
View Real Time Build Order
Export as new Build Order

Miszu Terran - Winner!

Build Orders: 1/1/1, MMM Bio 

Get SALT Encoding   

  12  0:00  SCV  
  13  0:12  SCV  
  14  0:17  Supply Depot  
  14  0:25  SCV  
  14  0:27  Refinery  
  15  0:39  SCV  
  16  0:45  Barracks  
  16  0:51  SCV  
  17  1:03  SCV  
  18  1:05  Refinery  
  18  1:15  SCV  
  19  1:27  SCV  
  19  1:32  Factory, Marine  
  21  1:43  Orbital Command  
  21  1:50  Marine  
  22  2:00  Supply Depot  
  22  2:08  Marine  
  22  2:09  SCV  
  23  2:17  Starport  
  23  2:22  SCV  
  24  2:24  Factory Tech Lab  
  24  2:26  Marine  
  25  2:34  SCV  
  26  2:38  Supply Depot  
  26  2:44  Marine  
  26  2:51  SCV, Factory Reactor  
  28  3:00  Raven  
  28  3:02  Marine  
  31  3:06  Supply Depot  
  31  3:16  SCV  
  32  3:33  Marine x2  
  34  3:37  Supply Depot  
  34  3:39  Supply Depot  
  34  3:41  SCV  
  34  3:48  Siege Tank  
  38  3:50  Marine x2, Medivac  
  42  3:56  SCV  
  42  3:58  Supply Depot  
  43  4:08  Marine x2, SCV  
  46  4:20  Medivac, Siege Tank, SCV  
  52  4:26  Marine x2  
  54  4:38  SCV  
  55  4:42  Command Center  
  55  4:57  SCV  
  56  5:03  Barracks x2  
  56  5:05  Starport Reactor  
  56  5:08  Factory Tech Lab  
  56  5:21  Marine  
  55  5:26  Siege Tank  
  56  5:39  Marine  
  56  5:54  Marine  
  56  5:55  SCV  
  56  5:56  Marine  
  59  6:01  Stimpack  
  59  6:03  Siege Tank  
  62  6:10  SCV  
  63  6:13  Supply Depot  
  63  6:14  Supply Depot, Barracks Tech Lab  
  63  6:18  Viking  
  63  6:20  Viking  
  58  6:26  Marine  
  58  6:29  Marine x2  
  58  6:31  SCV  
  62  6:34  Marine  
  62  6:35  Combat Shields  
  63  6:43  SCV  
  63  6:44  Marine  
  65  6:49  Orbital Command  
  65  6:56  SCV  
  65  6:59  Marine x2  
  69  7:02  Medivac  
  69  7:08  SCV  
  71  7:22  Marine  
  71  7:23  Marine x3  
  71  7:26  SCV x2  
  77  7:30  Supply Depot  
  76  7:40  Marine, Refinery  
  76  7:41  Engineering Bay, Marine x3  
  76  7:43  SCV x2  
Tags
 
Composition
MMM Bio
Matchup
TvT
Opening
1/1/11/1/1
Race
Terran
Add a new tag
Caveats
  • Supply blocks, unpowered buildings, or Contaminate may cause inaccurate times.
  • Supply counts are checked every 10 seconds.